 Dungeon Crawl Stone Soup version 0.29-a0-775-g4d7333d4e2 (webtiles) character file.

Game seed: 2433442122286628689

1834895 NoAnimeNoLife the Genius of the Arcane (level 27, 189/189 HPs)
             Began as a Demonspawn Fighter on June 30, 2022.
             Was the Champion of Sif Muna.
             Escaped with the Orb
             ... and 4 runes on July 1, 2022!
             The game lasted 03:53:18 (112414 turns).

NoAnimeNoLife the Genius of the Arcane (DsFi)     Turns: 112414, Time: 03:53:19

Health: 189/189    AC: 43    Str: 25    XL:     27
Magic:  41/41      EV: 15    Int: 23    God:    Sif Muna [******]
Gold:   4262       SH: 10    Dex: 15    Spells: 14/54 levels left

rFire   + + .      SeeInvis .   G - +9 eveningstar (flame)
rCold   + . .      Faith    +   D - +3 warlock's mirror {reflect}
rNeg    + + .      Spirit   +   e - +10 pearl dragon scales
rPois   +          Reflect  +   s - +2 helmet {Int+3}
rElec   .          Harm     .   (cloak unavailable)
rCorr   .          Rampage  .   B - +2 pair of gloves
Will    ++...                   I - +2 pair of boots
Stlth   ..........              R - amulet of faith
HPRegen 0.41/turn               q - ring "Wuoneg" {rF+ Int+5 Slay+6}
MPRegen 0.54/turn               c - ring "Nytuel" {rPois rN+ Dex+2}

@: studying 4 skills
A: icy blue scales 3, spiny 3, magic shield, magic regeneration, magic link,
black mark, bedeviling, aura of silence, weakness stinger 3, deterioration 1,
fire resistance 1, frail 1
0: Orb of Zot
}: 4/15 runes: decaying, serpentine, slimy, silver
a: Renounce Religion, Channel Magic, Forget Spell, Divine Exegesis


You escaped.
You worshipped Sif Muna.
Sif Muna was exalted by your worship.
You visited 12 branches of the dungeon, and saw 57 of its levels.
You visited Pandemonium 1 time, and saw 5 of its levels.
You visited the Abyss 1 time.
You also visited: Bailey, Gauntlet and Wizlab.

You collected 8282 gold pieces.
You spent 4020 gold pieces at shops.

Inventory:

Hand Weapons
 G - a +9 eveningstar of flaming (weapon)
 T - the +7 lajatang of Order {silver, rMut}
   (You found it on level 2 of the Crypt)

   It inflicts extra damage upon those it strikes, and deals substantially
   increased damage to chaotic, mutated and magically transformed beings.
   rMut:      It protects you from mutation.
Armour
 e - +10 pearl dragon scales (worn)
 s - a +2 helmet of intelligence (worn)
 B - a +2 pair of gloves (worn)
 D - the +3 warlock's mirror (worn) {reflect}
   (You acquired it on level 5 of the Lair of Beasts)

   It can block and reflect piercing ranged attacks and magical attacks against
   the wielder's willpower.
 I - a +2 pair of boots (worn)
Jewellery
 c - the ring "Nytuel" (right hand) {rPois rN+ Dex+2}
   (You found it on level 3 of the Crypt)

   [ring of positive energy]

   Dex:       It affects your dexterity (+2).
   rPois:     It protects you from poison.
   rN:        It protects you from negative energy.
 g - the ring of Tipar {Fly Int+3}
   (You found it on level 3 of the Depths)

   [ring of flight]

   Int:       It affects your intelligence (+3).
   Fly:       It grants you flight.
 i - the ring "Xuafuaso" {rF+ Int+3}
   (You took it off a deep elf demonologist on level 3 of the Elven Halls)

   [ring of protection from fire]

   Int:       It affects your intelligence (+3).
   rF:        It protects you from fire.
 o - a ring of protection from cold
 p - the ring "Lid Xiv" {rN+ rCorr MP+9}
   (You found it on level 3 of the Crypt)

   [ring of positive energy]

   rN:        It protects you from negative energy.
   MP:        It affects your magic capacity (+9).
   rCorr:     It protects you from acid and corrosion.
 q - the ring "Wuoneg" (left hand) {rF+ Int+5 Slay+6}
   (You took it off a vault guard on level 5 of the Vaults)

   [ring of protection from fire]

   Int:       It affects your intelligence (+5).
   Slay:      It affects your accuracy & damage with ranged weapons and melee
   (+6).
   rF:        It protects you from fire.
 r - the ring of the Firefly {rC+ rN+ Int+4}
   (You took it off a frost giant on level 5 of the Vaults)

   [ring of positive energy]

   Int:       It affects your intelligence (+4).
   rC:        It protects you from cold.
   rN:        It protects you from negative energy.
 Q - a ring of willpower
 R - an amulet of faith (around neck)
 S - the ring of Unizoij {rElec Dex+6}
   (You took it off an ogre mage on level 5 of the Vaults)

   [ring of dexterity]

   Dex:       It affects your dexterity (+6).
   rElec:     It insulates you from electricity.
 V - the ring of the Komodo Dragon {EV+4 Stlth+}
   (You found it on level 1 of the Swamp)

   [ring of evasion]

   EV:        It affects your evasion (+4).
   Stlth:     It makes you more stealthy.
 X - a ring of see invisible
 Y - a ring of wizardry
Wands
 a - a wand of mindburst (15)
 h - a wand of iceblast (31)
 K - a wand of charming (30)
 W - a wand of polymorph (31)
Scrolls
 f - 5 scrolls of fear
 k - 9 scrolls of amnesia
 n - 7 scrolls of vulnerability
 u - 11 scrolls of poison
 x - 2 scrolls of summoning
 y - 9 scrolls of enchant armour
 z - 5 scrolls of magic mapping
 A - 22 scrolls of teleportation
 C - 3 scrolls of torment
 H - a scroll of brand weapon
 L - 17 scrolls of fog
Potions
 b - 2 potions of magic
 d - 4 potions of curing
 j - 5 potions of berserk rage
 t - 9 potions of brilliance
 v - 4 potions of invisibility
 F - 4 potions of resistance
 J - 10 potions of might
 M - 5 potions of lignification
 N - 5 potions of mutation
 P - 5 potions of haste
 U - 17 potions of attraction
Miscellaneous
 m - a condenser vane
 w - a phantom mirror
 E - a phial of floods
 O - a box of beasts


   Skills:
 - Level 19.1 Fighting
 - Level 16.0 Maces & Flails
 - Level 17.7 Armour
 - Level 10.3 Dodging
 - Level 11.0 Shields
 - Level 14.2 Spellcasting
 - Level 22.7 Summonings
 - Level 16.1 Necromancy
 - Level 14.0 Translocations
 + Level 9.8 Transmutations
 - Level 22.8 Invocations
 - Level 14.5 Evocations


You had 14 spell levels left.
You knew the following spells:

 Your Spells              Type           Power      Damage    Failure   Level
a - Blink                 Tloc           100%       N/A       1%          2
b - Passage of Golubria   Tloc           69%        N/A       1%          4
c - Apportation           Tloc           100%       N/A       1%          1
d - Summon Forest         Summ/Tloc      39%        N/A       1%          5
e - Summon Hydra          Summ           44%        N/A       1%          7
f - Malign Gateway        Summ/Tloc      39%        N/A       3%          7
g - Dispersal             Tloc           34%        N/A       4%          6
h - Summon Horrible Thin  Summ           44%        N/A       4%          8

Your spell library contained the following spells:

 Spells                   Type           Power      Damage    Failure   Level
 Necrotize                Necr           100%       1d9       0%          1
 Summon Small Mammal      Summ           100%       N/A       0%          1
 Call Imp                 Summ           88%        N/A       0%          2
 Call Canine Familiar     Summ           88%        N/A       0%          3
 Beastly Appendage        Tmut           100%       N/A       1%          1
 Sting                    Tmut/Pois      100%       1d8       1%          1
 Passwall                 Tmut/Erth      32%        N/A       1%          2
 Sublimation of Blood     Necr           74%        N/A       1%          2
 Wereblood                Tmut           58%        N/A       1%          2
 Gell's Gravitas          Tloc           69%        N/A       1%          3
 Lesser Beckoning         Tloc           69%        N/A       1%          3
 Portal Projectile        Hex/Tloc       100%       N/A       1%          3
 Summon Guardian Golem    Hex/Summ       80%        N/A       1%          3
 Teleport Other           Tloc           69%        N/A       1%          3
 Vampiric Draining        Necr           74%        2d11      1%          3
 Animate Armour           Summ/Erth      100%       N/A       1%          4
 Animate Dead             Necr           74%        N/A       1%          4
 Dispel Undead            Necr           74%        3d25      1%          4
 Summon Ice Beast         Ice/Summ       62%        N/A       1%          4
 Summon Lightning Spire   Summ/Air       62%        N/A       1%          4
 Agony                    Necr           74%        N/A       1%          5
 Manifold Assault         Tloc           69%        N/A       1%          5
 Death Channel            Necr           37%        N/A       1%          6
 Summon Cactus Giant      Summ           44%        N/A       1%          6
 Monstrous Menagerie      Summ           44%        N/A       1%          7
 Summon Mana Viper        Hex/Summ       80%        N/A       2%          5
 Haunt                    Necr/Summ      41%        N/A       2%          7
 Spider Form              Tmut/Pois      39%        N/A       3%          3
 Anguish                  Hex/Necr       34%        N/A       3%          4
 Iskenderun's Mystic Bla  Conj/Tloc      48%        2d11      4%          4
 Blade Hands              Tmut           29%        N/A       4%          5
 Ignite Poison            Fire/Tmut/Pois 31%        N/A       7%          3
 Foxfire                  Conj/Fire      64%        2x1d7     9%          1
 Freeze                   Ice            64%        1d8       9%          1
 Magic Dart               Conj           64%        1d6       9%          1
 Sandblast                Erth           32%        2d9       9%          1
 Shock                    Conj/Air       64%        1d7       9%          1
 Slow                     Hex            96%        N/A       9%          1
 Borgnjor's Vile Clutch   Necr/Erth      26%        N/A       9%          5
 Corpse Rot               Necr/Pois/Air  41%        N/A       10%         4
 Ice Form                 Ice/Tmut       39%        N/A       12%         4
 Petrify                  Tmut/Erth      39%        N/A       12%         4
 Ensorcelled Hibernation  Hex/Ice        48%        N/A       13%         2
 Poisonous Vapours        Pois/Air       32%        N/A       13%         2
 Scorch                   Fire           32%        2d6       13%         2
 Searing Ray              Conj           32%        2d5       13%         2
 Static Discharge         Conj/Air       16%        3-5/arc   13%         2
 Confusing Touch          Hex            24%        N/A       26%         3
 Conjure Flame            Conj/Fire      16%        6-21      26%         3
 Dazzling Flash           Conj/Hex       48%        N/A       26%         3
 Frozen Ramparts          Ice            32%        1d5       26%         3
 Inner Flame              Hex/Fire       24%        N/A       26%         3
 Mephitic Cloud           Conj/Pois/Air  16%        N/A       26%         3
 Ozocubu's Armour         Ice            16%        N/A       26%         3
 Stone Arrow              Conj/Erth      32%        3d9       26%         3
 Swiftness                Air            16%        N/A       26%         3
 Tukima's Dance           Hex            24%        N/A       26%         3
 Alistair's Intoxication  Tmut/Pois      26%        N/A       32%         5
 Irradiate                Conj/Tmut      19%        3d19      32%         5
 Yara's Violent Unravell  Hex/Tmut       27%        3d12      32%         5
 Simulacrum               Ice/Necr       26%        N/A       43%         6
 Spellforged Servitor     Conj/Summ      31%        N/A       56%         7
 Borgnjor's Revivificati  Necr           37%        N/A       58%         8
 Infestation              Necr           37%        N/A       58%         8
 Dragon's Call            Summ           44%        N/A       58%         9
 Airstrike                Air            8%         0-4+      65%         4
 Cause Fear               Hex            12%        N/A       65%         4
 Flame Wave               Conj/Fire      16%        2d6       65%         4
 Fulminant Prism          Conj/Hex       12%        3d9       65%         4
 Hailstorm                Conj/Ice       16%        3d6       65%         4
 Leda's Liquefaction      Hex/Erth       12%        N/A       65%         4
 Olgreb's Toxic Radiance  Pois           16%        N/A       65%         4
 Sticky Flame             Conj/Fire      16%        2d4       65%         4
 Dragon Form              Tmut           29%        N/A       77%         7
 Eringya's Noxious Bog    Tmut/Pois      19%        N/A       87%         6
 Statue Form              Tmut/Erth      26%        N/A       87%         6
 Disjunction              Tloc           34%        N/A       87%         8
 Fireball                 Conj/Fire      8%         3d6       94%         5
 Freezing Cloud           Conj/Ice/Air   8%         6-21      94%         5
 Iskenderun's Battlesphe  Conj           16%        2d7       94%         5
 Lee's Rapid Deconstruct  Erth           8%         3d8*      94%         5
 Lightning Bolt           Conj/Air       8%         1d20      94%         5
 Metabolic Englaciation   Hex/Ice        12%        N/A       94%         5
 Silence                  Hex/Air        12%        N/A       94%         5
 Necromutation            Tmut/Necr      33%        N/A       95%         8
 Conjure Ball Lightning   Conj/Air       8%         3x3d6     100%        6
 Iron Shot                Conj/Erth      8%         9d3       100%        6
 Starburst                Conj/Fire      8%         6d4       100%        6
 Enfeeble                 Hex            12%        N/A       100%        7
 Orb of Destruction       Conj           8%         9d6       100%        7
 Ozocubu's Refrigeration  Ice            8%         4d6       100%        7
 Storm Form               Tmut/Air       19%        N/A       100%        7
 Discord                  Hex            12%        N/A       100%        8
 Ignition                 Fire           8%         3d5       100%        8
 Lehudib's Crystal Spear  Conj/Erth      8%         10d3      100%        8
 Maxwell's Capacitive Co  Air            8%         ∞         100%        8
 Chain Lightning          Conj/Air       8%         3d10      100%        9
 Death's Door             Necr           37%        N/A       100%        9
 Fire Storm               Conj/Fire      8%         8d2       100%        9
 Polar Vortex             Ice            8%         N/A       100%        9
 Shatter                  Erth           8%         3d10*     100%        9


Dungeon Overview and Level Annotations

Branches:
Dungeon (15/15)            Temple (1/1) D:4            Lair (6/6) D:8
  Swamp (4/4) Lair:4        Snake (4/4) Lair:2        Slime (5/5) Lair:5
    Orc (2/2) D:12            Elf (3/3) Orc:2        Vaults (5/5) D:14
  Crypt (3/3) Vaults:2       Tomb (0/3) Crypt:3      Depths (4/4) D:15
    Zot (5/5) Depths:4     Bailey (visited)          WizLab (visited)
Gauntlet (visited)

Altars:
Ashenzari
Cheibriados
Dithmenos
Elyvilon
Fedhas
Gozag
Hepliaklqana
Kikubaaqudgha
Makhleb
Nemelex Xobeh
Okawaru
Qazlal
Ru
Sif Muna
Trog
Uskayaw
Vehumet
Wu Jian
Xom
Yredelemnul
Zin
The Shining One
Beogh
Jiyva

Shops:
D:4 :   D:5 (   D:8 *(   D:9 (**[   D:13 :   Orc:2 (:[(=   Elf:1 (   Elf:3 !
Snake:2 *[   Vaults:2 [   Vaults:3 [   Depths:1 ?   Depths:2 ?

Portals:
Hell: Depths:1 Depths:2 Depths:3 Depths:4
Abyss: Lair:2 Depths:2 Depths:3
Pandemonium: Depths:2
Ziggurat: Depths:2

Annotations:
D:10 3 transporters
Elf:2 3 runed translucent doors


Innate Abilities, Weirdness & Mutations

You are completely covered in icy blue scales. (AC +4, rC+)
You are completely covered in sharp spines.
When hurt, damage is shared between your health and your magic reserves.
You regenerate magic rapidly.
When low on magic, you restore magic in place of health.
Your melee attacks may debilitate your foes.
Your hexes are more powerful.
You are surrounded by an aura of silence.
You have a sharp stinger which inflicts weakening toxins.
Your body sometimes deteriorates upon taking damage.
Your flesh is heat resistant. (rF+)
You are frail. (-10% HP)


Message History

You block the Orb Guardian's attack.
You flatten the Orb Guardian like a pancake!!!
You burn the Orb Guardian.
Your tail-slap misses the Orb Guardian.
The Orb Guardian is severely wounded.
The Orb Guardian hits you but does no damage.
You bludgeon the Orb Guardian!! You burn the Orb Guardian!
You kill the Orb Guardian!
Sif Muna accepts your kill.
No target in view!
(D) Dungeon (T) Temple (L) Lair (S) Swamp (P) Snake Pit (M) Slime Pits (O) Orcish Mines (E) Elven Halls (V) Vaults (C) Crypt (W) Tomb (U) Depths (H) Hell (Z) Zot
Where to? (Enter - D:1 @ (x,y), ? - help)
There is a stone staircase leading up here.
You climb upwards.
There is a stone staircase leading down here.
There is a stone staircase leading up here.
You climb upwards.
HP restored.
An Orb Guardian comes into view.
There is a stone staircase leading down here.
You impale the Orb Guardian!! You burn the Orb Guardian.
The Orb Guardian is moderately wounded.
The Orb Guardian is struck by your spines.
The Orb Guardian barely misses you.
You closely miss the Orb Guardian. You tail-slap the Orb Guardian!
The Orb Guardian looks weaker.
The Orb Guardian is severely wounded.
The Orb Guardian hits you but does no damage.
You bludgeon the Orb Guardian!! You burn the Orb Guardian!
You kill the Orb Guardian!
Sif Muna accepts your kill.
No target in view!
(D) Dungeon (T) Temple (L) Lair (S) Swamp (P) Snake Pit (M) Slime Pits (O) Orcish Mines (E) Elven Halls (V) Vaults (C) Crypt (W) Tomb (U) Depths (H) Hell (Z) Zot
Where to? (Enter - D:1 @ (x,y), ? - help)
There is a staircase leading out of the dungeon here.
You have escaped!

#####################
#....................
#....................
#...##...####...#####
#...##...# #...# #
#........####...# #
#...@...........#####
#...............)....
#...#######.......... #...#
#...#####.. #...# #...# #..
#...# #...# #..
#...#######...#####..
#....................
########....................


There were no monsters in sight!

Vanquished Creatures
  the Royal Jelly (Slime:5)
  A dread lich (Crypt:3)
  An orb of fire (Zot:5)
  2 ancient liches
  Mara (Depths:1)
  Boris (Vaults:4)
  Vv (Depths:3)
  Saint Roka (Vaults:5)
  Vashnia (Snake:3)
  A caustic shrike (Depths:2)
  Bai Suzhen (Swamp:4)
  The ghost of Yzeiphu the Earth Mage, an adept OpEE of Vehumet (Crypt:2)
  8 golden dragons
  A curse toe (Zot:3)
  Nikola (Swamp:3)
  A bone dragon (Crypt:3)
  2 Brimstone Fiends
  A hellephant (Pan)
  2 Tzitzimimeh (Pan)
  An electric golem (Zot:5)
  A Hell Sentinel (Pan)
  An Ice Fiend (Depths:1)
  21 tentacled monstrosities
  Rupert (Lair:4)
  25 Orb Guardians
  The ghost of Aclimpov the Metallomancer, an adept GrEE of Vehumet (Vaults:3)
  Asterion (Snake:1)
  2 deep elf blademasters (Elf:3)
  3 liches
  A deep elf master archer (Elf:3)
  13 acid blobs
  3 death cobs
  8 quicksilver dragons
  7 titans
  6 ancient champions
  2 eldritch tentacles
  The ghost of mattj7820 the Eclecticist, an adept VSCj of Qazlal (Vaults:1)
  7 sphinxes
  7 shadow dragons
  Donald (Orc:2)
  6 Executioners
  Kirke (Snake:2)
  2 thorn hunters (Swamp:4)
  4 tengu reavers
  3 revenants
  14 storm dragons
  7 nagarajas
  4 demonspawn warmongers (Pan)
  8 fire giants
  8 draconian monks
  10 rockslimes
  3 fenstrider witches (Swamp:4)
  10 draconian knights
  5 orc warlords
  13 azure jellies
  3 daevas (Pan)
  6 draconian scorchers
  6 balrugs
  17 vault wardens
  8 frost giants
  2 curse skulls (Crypt:3)
  10 deep elf sorcerers
  An iron dragon (Vaults:4)
  3 ghost moths
  4 draconian shifters
  Aizul (Swamp:2)
  24 ironbound preservers
  9 angels (Pan)
  4 cacodemons (Pan)
  2 deep elf elementalists (Elf:3)
  6 demonspawn corrupters (Pan)
  A spriggan defender (Depths:3)
  2 ophanim (Pan)
  5 draconian annihilators
  3 quicksilver oozes
  A war gargoyle (Vaults:5)
  9 reapers
  9 ghouls
  11 demonspawn blood saints
  11 vampire knights
  13 apis
  12 very ugly things
  5 deep elf demonologists
  11 stone giants
  The ghost of Megustar the Scorcher, a journeyman DEFE of Vehumet (Lair:2)
  A rockslime zombie (Crypt:3)
  14 green draconians
  A demonspawn black sun (Pan)
  4 ironbound thunderhulks
  Nessos (Lair:4)
  8 deep elf annihilators
  13 purple draconians
  13 black draconians
  5 eleionomae
  3 bunyips
  7 red draconians
  6 yellow draconians
  12 dire elephants
  3 entropy weavers
  3 lorocyprocas (Pan)
  6 spark wasps
  A minotaur (Gauntlet)
  15 white draconians
  A crystal guardian (Vaults:4)
  A mummy priest (Crypt:3)
  12 ettins
  3 green deaths
  3 eidola (Crypt:3)
  2 shambling mangroves
  12 deep elf death magi
  Josephine (D:13)
  4 statues (WizLab)
  7 blizzard demons
  13 yaktaur captains
  10 jiangshi
  5 deep elf high priests
  12 great orbs of eyes
  8 ice dragons
  5 salamander tyrants
  3 fire dragons
  3 hell beasts
  A hydra (shapeshifter) (Depths:2)
  2 rakshasas
  2 peacekeepers
  25 vault guards
  6 boulder beetles
  A fenstrider witch zombie (Crypt:3)
  3 ogre magi
  3 spriggan air magi
  13 hydras
  The ghost of smoky173 the Covert, a journeyman SpEn of Gozag (Lair:4)
  7 ironbound frosthearts
  The ghost of WLBjork the Cleaver, a novice HOMo of Beogh (D:9)
  A bennu zombie (Crypt:1)
  8 centaur warriors
  8 alligators
  A spectral stone giant (Vaults:3)
  4 catoblepae
  12 anacondas
  3 deep troll shamans (Depths:1)
  9 two-headed ogres
  4 death knights
  3 ghost crabs
  7 deep troll earth magi
  7 tengu warriors
  9 vampire magi
  12 death yaks
  4 hell hogs (Pan)
  14 naga warriors
  Urug (Lair:6)
  20 dancing weapons
  3 orc high priests (Orc:2)
  17 naga sharpshooters
  4 deep elf knights
  Sonja (Lair:6)
  5 spriggan berserkers
  7 shock serpents
  2 hell knights (Depths:3)
  11 soul eaters
  17 sun demons
  Nergalle (Lair:2)
  A shadow wraith (Depths:1)
  26 skeletal warriors
  8 iron trolls
  4 goliath frogs
  6 sixfirhies
  5 salamander mystics
  A fire crab (Lair:5)
  A bunyip zombie (Crypt:3)
  71 deep trolls
  5 death drakes
  The ghost of zurenarrh the Basher, a novice FoFi (D:5)
  A swamp dragon (shapeshifter) (Depths:3)
  5 spriggan druids
  6 flayed ghosts
  3 cherubim (Pan)
  5 glowing orange brains
  4 shadow demons
  2 swamp dragons (Swamp:3)
  2 spectral hydras (Swamp:3)
  7 naga ritualists
  21 lindwurms
  10 bog bodies
  9 deep elf archers
  20 deep elf zephyrmancers
  12 wizards
  13 phantasmal warriors
  3 orc sorcerers
  8 orc knights
  5 goliath frog zombies
  19 deep elf pyromancers
  16 mana vipers
  2 will-o-the-wisps
  13 ironbound convokers
  5 necromancers
  A wolf spider (Depths:1)
  9 harpies
  A mana viper (shapeshifter) (Elf:2)
  5 manticores
  4 oklob plants
  33 salamanders
  3 cyclopes
  3 shining eyes
  42 ugly things
  An iron dragon skeleton (Crypt:3)
  14 moths of wrath
  An elephant (shapeshifter) (Depths:3)
  2 rust devils
  14 guardian serpents
  An eye of devastation (shapeshifter) (Vaults:5)
  A black mamba (shapeshifter) (Depths:2)
  20 vault sentinels
  16 smoke demons
  4 orange demons
  7 elephants
  A torpor snail (shapeshifter) (Vaults:5)
  A centaur skeleton (Crypt:3)
  17 large abominations
  5 demonic crawlers
  17 naga magi
  10 komodo dragons
  43 black mambas
  15 cane toads
  A gargoyle (D:14)
  4 hellions (Pan)
  A kobold demonologist (Bailey)
  2 rime drakes (Lair:6)
  A mana viper zombie (Crypt:1)
  7 unseen horrors
  A catoblepas zombie (Crypt:1)
  6 freezing wraiths
  2 komodo dragons (shapeshifter)
  4 swamp worm zombies (Swamp:3)
  29 yaktaurs
  4 hellwings
  4 efreet
  9 guardian mummies (Crypt:3)
  15 tengu conjurers
  2 tormentors
  An ancient zyme (Lair:2)
  3 red devils
  6 trolls
  A merfolk (shapeshifter) (Depths:1)
  A polar bear (Lair:3)
  10 hornets
  A moth of wrath zombie (Crypt:2)
  5 tyrant leeches (Swamp:3)
  A blink frog (shapeshifter) (Abyss:2)
  A harpy skeleton (Crypt:3)
  A tyrant leech (shapeshifter) (Vaults:5)
  98 slime creatures
  4 alligator zombies (Swamp:3)
  15 blink frogs
  A great orb of eyes zombie (Crypt:2)
  A frost giant simulacrum (Vaults:4)
  4 spectral swamp dragons (Swamp:3)
  2 flying skulls
  7 dream sheep (Lair:5)
  A shapeshifter (Zot:5)
  5 air elementals (Elf:3)
  A culicivora (Vaults:2)
  8 water elementals
  2 shadows
  6 spriggans
  A wyvern (shapeshifter) (D:15)
  18 wraiths
  A yak (shapeshifter) (Depths:3)
  7 ynoxinuls
  A hog (shapeshifter) (Vaults:5)
  3 tyrant leech zombies (Swamp:3)
  77 yaks
  3 fire bats (Depths:4)
  Eustachio (D:4)
  A fire elemental (Elf:3)
  A golden eye (Slime:5)
  4 wyverns
  4 basilisks
  13 chaos spawn
  A yaktaur simulacrum (Vaults:3)
  A redback (Vaults:2)
  A steam dragon (D:9)
  A harpy simulacrum (Crypt:3)
  21 vampire mosquitoes
  48 nagas
  4 neqoxecs
  4 acid dragons
  4 wargs (Orc:2)
  20 swamp worms
  22 water moccasins
  A demonspawn skeleton (Crypt:3)
  A cane toad skeleton (Crypt:3)
  A swamp drake (Swamp:2)
  A floating eye (Depths:4)
  A merfolk skeleton (Crypt:2)
  42 orc warriors
  A sky beast (D:8)
  3 black bears
  A snapping turtle zombie (Crypt:3)
  10 ogres
  9 wolves (Lair:6)
  3 phantoms
  13 centaurs
  A rime drake zombie (Crypt:2)
  A hog skeleton (Crypt:1)
  6 kobold brigands
  15 bullfrogs
  A bullfrog (shapeshifter) (D:8)
  A gnoll sergeant (D:9)
  A wyvern zombie (Crypt:3)
  2 necrophages
  2 scorpions
  14 wights
  14 killer bees
  2 troll zombies (Swamp:3)
  2 spriggan zombies (Swamp:3)
  2 jellies (D:7)
  9 electric eels
  12 howler monkeys
  A bullfrog zombie (D:5)
  2 bullfrog skeletons (D:5)
  21 orc priests
  5 hounds
  An iron imp (Abyss:2)
  3 iguanas (D:5)
  Ijyb (D:4)
  12 human skeletons (Vaults:2)
  39 orc wizards
  A hell rat (Depths:1)
  4 nameless horrors
  6 small abominations
  An acid dragon zombie (Crypt:2)
  A sky beast zombie (Crypt:3)
  9 gnolls
  7 adders
  2 white imps
  An ufetubus (D:6)
  6 worms
  3 dart slugs (D:2)
  122 orcs
  4 ball pythons
  9 endoplasms
  4 giant cockroaches
  31 goblins
  13 hobgoblins
  35 kobolds
  2 quokkas
  4 bats
  An endoplasm zombie (Crypt:1)
  6 frilled lizards
  A goblin skeleton (Crypt:2)
  A hobgoblin skeleton (Crypt:2)
  3 rats (D:1)
  4 briar patches (Swamp:4)
  2 snaplasher vines (Zot:5)
2612 creatures vanquished.

Vanquished Creatures (collateral kills)
  3 dread liches
  3 ancient liches
  Mennas (Vaults:5)
  An orb of fire (Zot:5)
  4 Killer Klowns
  A curse toe (Zot:5)
  2 pandemonium lords (Pan)
  A golden dragon (Zot:5)
  A Tzitzimitl (Pan)
  An electric golem (Zot:5)
  4 liches
  4 Orb Guardians (Zot:5)
  3 tentacled monstrosities
  An ancient champion (Crypt:3)
  2 death cobs
  A tengu reaver (Vaults:5)
  2 shadow dragons
  3 draconian monks
  3 thorn hunters
  3 storm dragons
  2 frost giants (Vaults:5)
  A balrug (Pan)
  A draconian scorcher (Zot:2)
  A deep elf sorcerer (Vaults:5)
  2 cacodemons (Pan)
  A draconian shifter (Zot:5)
  An angel (Pan)
  3 draconian stormcallers
  A reaper (Pan)
  A stone giant (Vaults:5)
  An apis (Pan)
  A green draconian (Zot:2)
  6 purple draconians
  A black draconian (Zot:5)
  A lorocyproca (Pan)
  2 red draconians
  2 yellow draconians (Zot:2)
  An ettin (Depths:2)
  5 statues (WizLab)
  3 vault guards (Vaults:5)
  A rakshasa (Depths:1)
  A hydra (Swamp:4)
  A two-headed ogre (Vaults:5)
  An ice dragon (Depths:4)
  An ogre mage (Vaults:5)
  An anaconda (Snake:2)
  A naga warrior (Snake:1)
  An Orb Guardian skeleton (Crypt:1)
  A shock serpent (Snake:2)
  An orc high priest (Bailey)
  A spriggan (Depths:1)
  5 sun demons (Pan)
  2 sixfirhies (Pan)
  4 skeletal warriors (Crypt:2)
  3 deep trolls
  A cherub (Pan)
  A flayed ghost (Crypt:3)
  An ironbound convoker (Vaults:5)
  A necromancer (Vaults:3)
  A shining eye (shapeshifter) (Vaults:5)
  5 elephants (Lair:6)
  4 moths of wrath
  A molten gargoyle (Lair:4)
  A naga mage (Snake:2)
  An orange demon (Pan)
  A smoke demon (Pan)
  8 tengu conjurers (WizLab)
  A hellwing (Pan)
  A rime drake (Lair:6)
  A sea snake skeleton (Crypt:2)
  A hydra zombie (Crypt:1)
  A hornet (Depths:1)
  A blink frog (Lair:4)
  2 ynoxinuls (Pan)
  A wraith (Crypt:1)
  3 large abominations (Pan)
  A swamp worm (Swamp:3)
  A wolf (Lair:6)
  4 electric eels (Lair:4)
  3 lava snakes (Lair:4)
  A bullfrog zombie (Crypt:1)
  An orc wizard (Vaults:5)
155 creatures vanquished.

Vanquished Creatures (others)
  38 eldritch tentacles
  A draconian knight (Zot:3)
  A bunyip (Swamp:4)
  2 white draconians (Depths:4)
  An alligator (Swamp:3)
  3 anacondas
  A soul eater (Crypt:2)
  A sixfirhy (Pan)
  A wizard (Depths:3)
  An orc knight (Vaults:2)
  An ironbound convoker (Vaults:2)
  A moth of wrath (Zot:5)
  2 black mambas
  2 naga magi
  An orange demon (Swamp:4)
  5 bloated husks
  A large abomination (Pan)
  A ynoxinul (Pan)
  5 humans (Snake:3)
  A redback (Vaults:2)
  A neqoxec (Swamp:4)
  2 nagas
  An orc warrior (D:8)
  A bullfrog (D:8)
  An orc priest (Orc:2)
  3 briar patches (Swamp:4)
  5 fire vortices
  10 foxfires
  80 fungi
  90 plants
  2 snaplasher vines
  2 starspawn tentacles (Pan)
  3 withered plants (Swamp:3)
271 creatures vanquished.

Grand Total: 3038 creatures vanquished

Notes
Turn   | Place    | Note
-------+----------+-------------------------------------------
     0 | D:1      | NoAnimeNoLife the Demonspawn Fighter began the quest for
                  | the Orb.
     0 | D:1      | Reached XP level 1. HP: 18/18 MP: 1/1
   185 | D:1      | Gained mutation: You are partially covered in icy blue
                  | scales. (AC +2) [demonic ancestry]
   185 | D:1      | Reached XP level 2. HP: 24/24 MP: 2/2
   964 | D:2      | Gained mutation: You regenerate magic rapidly. [demonic
                  | ancestry]
   964 | D:2      | Reached XP level 3. HP: 26/29 MP: 3/3
  1366 | D:2      | Reached XP level 4. HP: 35/35 MP: 4/4
  1452 | D:2      | Found a faded altar of an unknown god.
  1922 | D:3      | Gained mutation: You are partially covered in sharp spines.
                  | [demonic ancestry]
  1922 | D:3      | Reached XP level 5. HP: 39/41 MP: 5/5
  1927 | D:3      | Reached skill level 5 in Maces & Flails
  2410 | D:4      | Noticed Ijyb
  2719 | D:4      | Killed Ijyb
  2923 | D:4      | Noticed a black bear
  2939 | D:4      | Killed a black bear
  2940 | D:4      | Reached XP level 6. HP: 29/47 MP: 6/6
  3420 | D:4      | Found Ydiuros's Tremendous Tomes.
  3504 | D:4      | Found a staircase to the Ecumenical Temple.
  3508 | D:4      | Noticed Eustachio
  3528 | D:4      | Killed Eustachio
  3532 | Temple   | Entered the Ecumenical Temple
  3737 | D:5      | Entered Level 5 of the Dungeon
  3869 | D:5      | Reached XP level 7. HP: 52/52 MP: 7/7
  4484 | D:5      | Found a runed translucent gate.
  4485 | D:5      | Found a runed translucent gate.
  4500 | D:5      | Found a runed translucent gate.
  4556 | D:5      | Found Ocleq's Antique Weapon Boutique.
  4913 | D:5      | Gained mutation: You are mostly covered in icy blue scales.
                  | (AC +3) [demonic ancestry]
  4913 | D:5      | Reached XP level 8. HP: 58/58 MP: 8/8
  5008 | D:5      | Noticed zurenarrh's ghost (novice FoFi)
  5458 | D:6      | Identified the +7 quarterstaff "Hautte" {speed, rF+ Will+}
  5948 | D:6      | Found a shadowy altar of Dithmenos.
  5955 | D:6      | Found a blossoming altar of Fedhas.
  5958 | D:6      | Found an ancient bone altar of Kikubaaqudgha.
  5963 | D:6      | Found an ornate altar of the Wu Jian Council.
  5976 | D:6      | Found a shimmering altar of Xom.
  5988 | D:6      | Reached skill level 10 in Maces & Flails
  6548 | D:7      | Gained mutation: You are completely covered in icy blue
                  | scales. (AC +4, rC+) [demonic ancestry]
  6548 | D:7      | Reached XP level 9. HP: 36/63 MP: 6/9
  7201 | D:8      | Found a flagged portal.
  7244 | Bailey   | Entered a bailey
  7478 | Bailey   | Noticed an orc knight
  7486 | Bailey   | Killed an orc knight
  7612 | Bailey   | Noticed a kobold demonologist
  7619 | Bailey   | Noticed a sun demon
  7620 | Bailey   | Noticed a sun demon
  7659 | Bailey   | Noticed an orange demon
  7662 | Bailey   | Killed a kobold demonologist
  7904 | Bailey   | Noticed an orc high priest
  7906 | Bailey   | Noticed a red devil
  7906 | Bailey   | Noticed a rust devil
  7915 | Bailey   | Noticed a rust devil
  7943 | Bailey   | Noticed an orange demon
  7943 | Bailey   | Killed an orc high priest
  7944 | Bailey   | Reached skill level 1 in Dodging
  7944 | Bailey   | Gained mutation: You have a small tail. [demonic ancestry]
  7944 | Bailey   | Reached XP level 10. HP: 54/70 MP: 8/10
  8398 | Bailey   | Found an iron altar of Okawaru.
  8399 | Bailey   | Identified the +5 mace of Certain Death {holy, rF+ rC-
                  | Dex+2 Stlth+}
  9160 | Bailey   | Acquired a +5 eveningstar of freezing
  9334 | D:8      | Noticed a purple ugly thing
  9360 | D:8      | Killed a purple ugly thing
  9361 | D:8      | Reached skill level 5 in Fighting
  9420 | D:8      | Found a staircase to the Lair.
  9640 | D:8      | Reached skill level 5 in Armour
  9644 | D:8      | Found a runed translucent door.
  9923 | D:8      | Found Ijucs's Weapon Boutique.
 10040 | D:8      | Found Ubynk's Assorted Antiques.
 10046 | D:8      | Bought a murky golden potion for 20 gold pieces
 10046 | D:8      | Bought a metallic grey potion for 20 gold pieces
 10046 | D:8      | Bought a potion of heal wounds for 115 gold pieces
 10456 | D:8      | Noticed a cyclops
 10551 | D:9      | Found a bloodstained altar of Trog.
 10641 | D:9      | Found a shimmering blue altar of Sif Muna.
 10645 | D:9      | Got Sif Muna's Volume of Summoning and the Compass
 10716 | D:9      | Became a worshipper of Sif Muna the Loreminder
 11219 | D:9      | Gained mutation: You have a tail ending in a sharp stinger.
                  | [demonic ancestry]
 11219 | D:9      | Reached XP level 11. HP: 81/81 MP: 11/11
 11248 | D:9      | Reached skill level 5 in Dodging
 11250 | D:9      | Identified the +4 hand axe "Xewuust" {vorpal, Drain rF+
                  | rC+++ Dex+2}
 11467 | D:9      | Found a runed translucent door.
 11467 | D:9      | Noticed WLBjork's ghost (novice HOMo)
 11578 | D:9      | Found Bier's Antique Weapon Boutique.
 11583 | D:9      | Found Odaigaviu's Assorted Antiques.
 11583 | D:9      | Found Vivvilar's Assorted Antiques.
 11585 | D:9      | Found Adejinea's Antique Armour Boutique.
 11591 | D:9      | Bought a purple potion for 15 gold pieces
 11593 | D:9      | Bought a runed buckler for 225 gold pieces
 11623 | D:9      | Bought a murky golden potion for 20 gold pieces
 11623 | D:9      | Bought a potion of heal wounds for 115 gold pieces
 11793 | D:9      | Reached * piety under Sif Muna
 11914 | D:9      | Noticed a centaur warrior
 11914 | D:9      | Noticed a boulder beetle
 11916 | D:9      | Noticed a skeletal warrior
 11933 | D:9      | Killed a centaur warrior
 11959 | D:8      | Killed a boulder beetle
 12211 | D:9      | Killed a skeletal warrior
 12363 | D:9      | Noticed a two-headed ogre
 12364 | D:9      | Noticed a centaur warrior
 12369 | D:9      | Killed a two-headed ogre
 12373 | D:9      | Killed a centaur warrior
 12821 | D:10     | Entered Level 10 of the Dungeon
 12934 | D:10     | Found a broken altar of Ashenzari.
 12986 | D:10     | You fall into a shaft and drop 1 floor!
 13262 | D:10     | Noticed a six-headed hydra
 13268 | D:10     | Killed a six-headed hydra
 13269 | D:10     | Gained mutation: You are mostly covered in sharp spines.
                  | [demonic ancestry]
 13269 | D:10     | Reached XP level 12. HP: 46/94 MP: 7/12
 13524 | D:10     | Found a transporter.
 13530 | D:10     | Found a transporter.
 13547 | D:10     | Found a transporter.
 13573 | D:10     | Found a transporter.
 13610 | D:10     | Found a hide-covered altar of Uskayaw.
 13932 | D:10     | Reached ** piety under Sif Muna
 14242 | D:12     | Noticed a two-headed ogre
 14245 | D:12     | Killed a two-headed ogre
 15771 | D:12     | Noticed a boulder beetle
 15782 | D:12     | Killed a boulder beetle
 16096 | D:12     | Found a staircase to the Orcish Mines.
 16534 | Lair:1   | Entered Level 1 of the Lair of Beasts
 16553 | Lair:1   | Noticed a five-headed hydra
 16566 | Lair:1   | Killed a five-headed hydra
 16567 | Lair:1   | Reached skill level 10 in Fighting
 16760 | Lair:1   | Reached *** piety under Sif Muna
 16988 | Lair:1   | Identified the +6 plate armour of Benevolence {Drain Will+
                  | rCorr Slay+3}
 17480 | Lair:2   | Noticed an eight-headed hydra
 17486 | Lair:2   | Gained mutation: When hurt, damage is shared between your
                  | health and your magic reserves. [demonic ancestry]
 17486 | Lair:2   | Reached XP level 13. HP: 104/104 MP: 13/13
 17535 | Lair:2   | Found a transporter.
 17575 | Lair:2   | Found a staircase to the Snake Pit.
 17840 | Lair:2   | Noticed Megustar's ghost (journeyman DEFE)
 17841 | Lair:2   | Found a transporter.
 18087 | Lair:2   | Noticed Nergalle
 18101 | Lair:2   | Killed Nergalle
 18102 | Lair:2   | Reached skill level 10 in Armour
 18668 | Lair:3   | Reached skill level 1 in Invocations
 18795 | Lair:3   | Reached skill level 5 in Invocations
 18802 | Lair:3   | Reached **** piety under Sif Muna
 19485 | Lair:3   | Acquired the +14 plate armour of the Pure Artists {Dex+5}
 19609 | Lair:4   | Noticed smoky173's ghost (journeyman SpEn)
 19609 | Lair:4   | Found a transporter.
 19725 | Lair:4   | Noticed Nessos
 19760 | Lair:4   | Reached skill level 10 in Invocations
 19765 | Lair:4   | Killed Nessos
 19825 | Lair:4   | Found a transporter.
 19970 | Lair:4   | Found a staircase to the Swamp.
 20029 | Lair:4   | Noticed Rupert
 20042 | Lair:4   | Killed Rupert
 20174 | Lair:5   | Acquired the +3 warlock's mirror {reflect}
 20174 | Lair:5   | Found the +3 warlock's mirror {reflect}
 20249 | Lair:5   | Found a gate leading to a gauntlet.
 20262 | Gauntlet | Entered a Gauntlet
 20262 | Gauntlet | Found a transporter.
 20285 | Gauntlet | Found a transporter.
 20287 | Gauntlet | Found a transporter.
 20288 | Gauntlet | Found a transporter.
 20296 | Gauntlet | Found a transporter.
 20299 | Gauntlet | Found a transporter.
 20300 | Gauntlet | Found a transporter.
 20309 | Gauntlet | Found a transporter.
 20312 | Gauntlet | Found a transporter.
 20313 | Gauntlet | Found a transporter.
 20319 | Gauntlet | Found a runed translucent gate.
 20319 | Gauntlet | Found a runed translucent gate.
 20320 | Gauntlet | Found a runed translucent gate.
 20321 | Gauntlet | Found a transporter.
 20324 | Gauntlet | Found a transporter.
 20325 | Gauntlet | Found a transporter.
 20334 | Gauntlet | Found a transporter.
 20648 | Gauntlet | Noticed a minotaur
 20660 | Gauntlet | Killed a minotaur
 20792 | Lair:5   | Gained mutation: You have a sharp stinger which inflicts
                  | weakening toxins. [demonic ancestry]
 20792 | Lair:5   | Reached XP level 14. HP: 111/111 MP: 23/23
 21047 | Lair:5   | Reached skill level 15 in Invocations
 21558 | Lair:5   | Found a staircase to the Slime Pits.
 22035 | Lair:6   | Entered Level 6 of the Lair of Beasts
 22998 | Lair:6   | Reached skill level 15 in Maces & Flails
 22998 | Lair:6   | Noticed Sonja
 23002 | Lair:6   | Noticed Urug
 23003 | Lair:6   | Killed Sonja
 23011 | Lair:6   | Killed Urug
 23014 | Lair:6   | Reached ***** piety under Sif Muna
 23028 | Lair:6   | Received a gift from Sif Muna
 23031 | Lair:6   | Got Sif Muna's Incunabulum of Damaging Evil Magic {god
                  | gift}
 23062 | Lair:6   | Reached XP level 15. HP: 108/117 MP: 26/26
 23591 | Lair:6   | Identified the +4 plate armour "Gogucokh" {rElec}
 23831 | D:5      | Killed zurenarrh's ghost
 24163 | D:9      | Killed WLBjork's ghost
 24626 | Lair:2   | Killed Megustar's ghost
 24662 | Lair:2   | Found a one-way gate to the infinite horrors of the Abyss.
 24768 | Lair:4   | Killed smoky173's ghost
 25131 | D:13     | Found Laufuaha's Book Shoppe.
 25198 | D:13     | Reached skill level 5 in Shields
 25946 | D:13     | Noticed Josephine
 25955 | D:13     | Killed Josephine
 26887 | D:14     | Found a gate to the Vaults.
 26902 | D:14     | Paralysed by something for 2 turns
 27745 | D:15     | Entered Level 15 of the Dungeon
 27758 | D:15     | Received a gift from Sif Muna
 27768 | D:15     | Got Sif Muna's Handbook of the Oath {god gift}
 27782 | D:15     | Found a staircase to the Depths.
 27782 | Abyss:2  | Cast into level 2 of the Abyss (a wizard)
 27786 | Abyss:2  | Found a corrupted altar of Lugonu.
 27829 | Abyss:2  | Noticed a bone dragon
 28015 | Abyss:2  | Found a corrupted altar of Lugonu.
 28097 | D:15     | Escaped the Abyss
 28279 | D:15     | Reached skill level 10 in Shields
 28942 | Orc:1    | Entered Level 1 of the Orcish Mines
 29150 | Orc:2    | Entered Level 2 of the Orcish Mines
 29150 | Orc:2    | Found a staircase to the Elven Halls.
 29293 | Orc:2    | Reached XP level 16. HP: 117/124 MP: 27/27
 29353 | Orc:2    | Received a gift from Sif Muna
 29354 | Orc:2    | Found Othysa's Antique Weapon Boutique.
 29356 | Orc:2    | Got Sif Muna's First Steps in Magic {god gift}
 29565 | Orc:2    | Noticed Donald
 29568 | Orc:2    | Found Dyliysen's Jewellery Emporium.
 29582 | Orc:2    | Killed Donald
 29802 | Orc:2    | Found Vunufaf's Book Shoppe.
 29932 | Orc:2    | Bought a manual of Invocations for 960 gold pieces
 29996 | Orc:2    | Found Apnaby's Weapon Shop.
 30075 | Orc:2    | Found Volefyloax's Antique Armour Shop.
 30483 | Orc:1    | Paralysed by an orc sorcerer for 2 turns
 30987 | Swamp:1  | Entered Level 1 of the Swamp
 30997 | Swamp:1  | Received a gift from Sif Muna
 31005 | Swamp:1  | Got Sif Muna's Disquisition on Dark Combat Magic {god gift}
 31026 | Swamp:1  | Identified the ring of the Komodo Dragon {EV+4 Stlth+}
 31849 | Swamp:2  | Noticed Aizul
 31863 | Swamp:2  | Killed Aizul
 32915 | Swamp:3  | Noticed a thorn hunter
 32927 | Swamp:3  | Killed a thorn hunter
 33811 | Swamp:3  | Noticed Nikola
 33830 | Swamp:3  | Killed Nikola
 34115 | Swamp:3  | Received a gift from Sif Muna
 34914 | Swamp:4  | Entered Level 4 of the Swamp
 34942 | Swamp:3  | Gained mutation: When low on magic, you restore magic in
                  | place of health. [demonic ancestry]
 34942 | Swamp:3  | Reached XP level 17. HP: 91/130 MP: 28/32
 35309 | Swamp:4  | Reached skill level 1 in Evocations
 35846 | Swamp:4  | Received a gift from Sif Muna
 35862 | Swamp:4  | Got Sif Muna's Grimoire of Flames {god gift}
 35924 | Swamp:4  | Identified the +7 trident of Faducr Ifef {distort, rElec
                  | rF- Str+8 Dex+3}
 35926 | Swamp:4  | Noticed Bai Suzhen
 35926 | Swamp:4  | Noticed a tentacled monstrosity
 35934 | Swamp:4  | Killed a tentacled monstrosity
 35946 | Swamp:4  | Killed Bai Suzhen
 35947 | Swamp:4  | Reached skill level 5 in Evocations
 36220 | Swamp:4  | Gained mutation: You are frail. (-10% HP) [a neqoxec]
 36222 | Swamp:4  | Gained mutation: Armour fits poorly on your strangely
                  | shaped body. [a neqoxec]
 36348 | Swamp:4  | Gained mutation: You have a pair of small antennae on your
                  | head. [a neqoxec]
 36356 | Swamp:4  | Lost mutation: You have a pair of small antennae on your
                  | head. [potion of mutation]
 36356 | Swamp:4  | Lost mutation: Armour fits poorly on your strangely shaped
                  | body. [potion of mutation]
 36356 | Swamp:4  | Lost mutation: You are frail. (-10% HP) [potion of
                  | mutation]
 36356 | Swamp:4  | Gained mutation: Your body sometimes deteriorates upon
                  | taking damage. [potion of mutation]
 36356 | Swamp:4  | Gained mutation: Your flesh is heat resistant. (rF+)
                  | [potion of mutation]
 36522 | Swamp:4  | Paralysed by a fenstrider witch for 5 turns
 37479 | Swamp:4  | Paralysed by a fenstrider witch for 4 turns
 37483 | Swamp:4  | HP: 6/131 [reaper/+0 scythe of venom (15)]
 37494 | Swamp:4  | HP: 6/131 [poisoned by a fenstrider witch (toxic sludge)]
 38182 | Swamp:4  | Got a decaying rune of Zot
 38438 | Snake:1  | Entered Level 1 of the Snake Pit
 38584 | Snake:1  | Noticed Asterion
 38597 | Snake:1  | Killed Asterion
 38599 | Snake:1  | Reached skill level 10 in Evocations
 39363 | Snake:2  | Found Wyevun's Armour Shoppe.
 39461 | Snake:2  | Found Edeal's Assorted Antiques.
 39469 | Snake:2  | Bought a potion of heal wounds for 135 gold pieces
 40107 | Snake:2  | Reached XP level 18. HP: 116/138 MP: 30/33
 41657 | Snake:3  | Noticed Kirke
 41674 | Snake:2  | Killed Kirke
 41866 | Snake:2  | Received a gift from Sif Muna
 41874 | Snake:2  | Got Sif Muna's Papyrus of Translocation and Stolen Souls
                  | {god gift}
 42722 | Snake:3  | Noticed Vashnia
 42795 | Snake:3  | Killed Vashnia
 43717 | Snake:4  | Entered Level 4 of the Snake Pit
 44827 | Snake:4  | Received a gift from Sif Muna
 44834 | Snake:4  | Got Taf Viukk's Disquisition on Ashen Dark Magic {god gift}
 45213 | Snake:4  | Reached XP level 19. HP: 134/149 MP: 25/34
 45341 | Snake:4  | Got a serpentine rune of Zot
 46597 | Orc:2    | Bought a book of Annihilations for 720 gold pieces
 46804 | D:4      | Bought the Grimoire of Ignition and the Escort for 1000
                  | gold pieces
 47051 | Vaults:1 | Entered Level 1 of the Vaults
 47189 | Vaults:1 | You fall into a shaft and drop 1 floor!
 47917 | Vaults:1 | Received a gift from Sif Muna
 48618 | Vaults:1 | Found a large runed translucent door.
 48618 | Vaults:1 | Found a large runed translucent door.
 48618 | Vaults:1 | Found a large runed translucent door.
 48618 | Vaults:1 | Found a large runed translucent door.
 48618 | Vaults:1 | Found a large runed translucent door.
 48618 | Vaults:1 | Found a large runed translucent door.
 48618 | Vaults:1 | Found a large runed translucent door.
 48618 | Vaults:1 | Found a large runed translucent door.
 48618 | Vaults:1 | Noticed mattj7820's ghost (adept VSCj)
 49188 | Vaults:1 | Received a gift from Sif Muna
 49191 | Vaults:1 | Got Sif Muna's Incunabulum of the Captivating Birds {god
                  | gift}
 49382 | Vaults:1 | Reached skill level 15 in Fighting
 50330 | Elf:1    | Entered Level 1 of the Elven Halls
 50898 | Elf:1    | Reached XP level 20. HP: 135/163 MP: 32/35
 51004 | Elf:1    | Found Uzoff's Weapon Emporium.
 51374 | Elf:2    | Found a runed translucent gate.
 51374 | Elf:2    | Found a runed translucent gate.
 51375 | Elf:2    | Found a runed translucent gate.
 52000 | Elf:2    | Received a gift from Sif Muna
 52003 | Elf:2    | Got Sif Muna's Compendium of Entrancing Moulding {god gift}
 52337 | Elf:2    | Reached skill level 15 in Armour
 52665 | Elf:3    | Entered Level 3 of the Elven Halls
 52704 | Elf:3    | Found a radiant altar of Vehumet.
 52774 | Elf:3    | Found Ossok's Distillery.
 52851 | Elf:3    | Paralysed by an air elemental for 1 turns
 53084 | Elf:3    | Identified the +5 plate armour of Moral Flaws {rN+ Int+5}
 53814 | Vaults:2 | Found a staircase to the Crypt.
 54202 | Vaults:2 | Received a gift from Sif Muna
 54221 | Vaults:2 | Got Sif Muna's Papyrus of the Snowflakes {god gift}
 54743 | Vaults:2 | Found Kofrav's Antique Armour Shop.
 55206 | Vaults:2 | Identified the +9 morningstar of Dried Tears {vorpal,
                  | Will+}
 55539 | Vaults:3 | Identified the +3 great mace "Demonbane" {vorpal, *Corrode
                  | rPois Int+5 SInv}
 55754 | Vaults:3 | Gained mutation: You are completely covered in sharp
                  | spines. [demonic ancestry]
 55754 | Vaults:3 | Reached XP level 21. HP: 126/176 MP: 24/36
 56025 | Vaults:3 | Found a transporter.
 56025 | Vaults:3 | Noticed Aclimpov's ghost (adept GrEE)
 56075 | Vaults:3 | Found a transporter.
 56362 | Vaults:3 | Received a gift from Sif Muna
 56365 | Vaults:3 | Got Sif Muna's Grimoire of Combat Magic {god gift}
 56779 | Vaults:3 | Found Tiblux's Antique Armour Emporium.
 56787 | Vaults:3 | Bought a glowing hat for 224 gold pieces
 56893 | Vaults:3 | Noticed a dread lich
 58262 | Vaults:4 | Received a gift from Sif Muna
 58265 | Vaults:4 | Got Sif Muna's Handbook of Moulding {god gift}
 58303 | Vaults:4 | Noticed Boris
 58320 | Vaults:4 | Killed Boris
 58845 | Vaults:5 | Entered Level 5 of the Vaults
 58943 | Vaults:5 | Noticed Mennas
 58980 | Vaults:5 | Killed Mennas
 59394 | Vaults:5 | Reached skill level 1 in Spellcasting
 59591 | Vaults:5 | Identified the +6 shortbow of the Forest {flame, Fragile
                  | rN++ Int-4 Stlth+}
 60285 | Vaults:5 | Identified the ring of the Firefly {rC+ rN+ Int+4}
 60412 | Vaults:4 | Reached skill level 5 in Spellcasting
 60992 | Vaults:5 | Identified the ring of Daserop {Ice Contam Int+2 Dex+4
                  | SInv}
 61133 | Vaults:4 | Gained mutation: Your hexes are more powerful. [demonic
                  | ancestry]
 61133 | Vaults:4 | Reached XP level 22. HP: 106/187 MP: 20/37
 61469 | Vaults:5 | Noticed an ancient lich
 61617 | Vaults:4 | Killed an ancient lich
 61724 | Vaults:5 | Noticed Saint Roka
 61747 | Vaults:4 | Reached skill level 1 in Translocations
 61992 | Vaults:5 | Killed Saint Roka
 62012 | Vaults:5 | Identified the ring "Wuoneg" {rF+ Int+5 Slay+6}
 62508 | Vaults:5 | Identified the ring of Unizoij {rElec Dex+6}
 62510 | Vaults:5 | Received a gift from Sif Muna
 62511 | Vaults:5 | Reached skill level 5 in Translocations
 62541 | Vaults:5 | Noticed an ancient lich
 62551 | Vaults:5 | Killed an ancient lich
 62831 | Vaults:5 | Learned a level 2 spell: Blink
 62836 | Vaults:5 | Learned a level 4 spell: Passage of Golubria
 62838 | Vaults:5 | Learned a level 1 spell: Apportation
 62936 | Vaults:5 | Got Sif Muna's Spellcraft Continued {god gift}
 63253 | Vaults:5 | Identified the +9 ice dragon scales of Iqiocunt {rF- rC++
                  | Dex+4}
 63265 | Vaults:5 | Got a silver rune of Zot
 63766 | Vaults:5 | Noticed a golden dragon
 63776 | Vaults:5 | Killed a golden dragon
 64558 | Slime:1  | Entered Level 1 of the Pits of Slime
 65270 | Slime:5  | Entered Level 5 of the Pits of Slime
 65310 | Slime:4  | Reached skill level 10 in Translocations
 65819 | Slime:5  | Found the +9 heavy crossbow "Sniper" {vorpal, Acc+∞ SInv}
 66016 | Slime:5  | Found a viscous altar of Jiyva.
 66124 | Slime:5  | Noticed the Royal Jelly
 66149 | Slime:5  | Killed the Royal Jelly
 66879 | Slime:5  | Got a slimy rune of Zot
 66935 | Slime:5  | Identified the +5 rapier "Dompynau" {venom, Str+3}
 67404 | Depths:1 | Entered Level 1 of the Depths
 67441 | D:15     | Reached skill level 10 in Dodging
 68696 | Depths:1 | Reached skill level 1 in Summonings
 68712 | Depths:1 | Gained mutation: Your melee attacks may debilitate your
                  | foes. [demonic ancestry]
 68712 | Depths:1 | Reached XP level 23. HP: 189/194 MP: 38/38
 68848 | Depths:1 | Received a gift from Sif Muna
 68991 | Depths:1 | Reached skill level 5 in Summonings
 69264 | Depths:1 | Found a gateway to Hell.
 69348 | Depths:1 | Found Biluar's Magic Scroll Emporium.
 69351 | Depths:1 | Bought a scroll of teleportation for 63 gold pieces
 69351 | Depths:1 | Bought a scroll of teleportation for 63 gold pieces
 69351 | Depths:1 | Bought a scroll of fear for 73 gold pieces
 69402 | Depths:1 | Noticed Mara
 69414 | Depths:1 | Noticed NoAnimeNoLife's illusion
 69423 | Depths:1 | Killed Mara
 69470 | Depths:1 | Found a runed translucent gate.
 69470 | Depths:1 | Found a runed translucent gate.
 69470 | Depths:1 | Found a runed translucent gate.
 69926 | Depths:2 | Received a gift from Sif Muna
 70060 | Depths:2 | Learned a level 5 spell: Summon Forest
 70106 | Depths:2 | Found the +5 glaive of the Guard {elec, spectral, AC+5}
 70375 | Depths:2 | Reached skill level 10 in Summonings
 71097 | Depths:2 | Found a one-way gateway to a ziggurat.
 71122 | Depths:2 | Found Byqiph's Magic Scroll Emporium.
 71200 | Depths:2 | Found a one-way gate leading to the halls of Pandemonium.
 71259 | Depths:2 | Identified the +1 leather armour "Caumuv" {*Corrode rPois
                  | rN+++ Str+2}
 71724 | Depths:2 | Received a gift from Sif Muna
 72340 | Depths:3 | Noticed a caustic shrike
 72506 | Depths:2 | Killed a caustic shrike
 72932 | Depths:2 | Paralysed by a sphinx for 3 turns
 73488 | Depths:3 | Received a gift from Sif Muna
 74044 | Depths:3 | You fall into a shaft and drop 1 floor!
 74044 | Depths:4 | Entered Level 4 of the Depths
 74672 | Depths:4 | Reached XP level 24. HP: 198/201 MP: 38/38
 75184 | Depths:3 | Reached skill level 15 in Summonings
 75285 | Depths:3 | Identified the ring of Tipar {Fly Int+3}
 75332 | Depths:3 | Paralysed by something for 2 turns
 76249 | Depths:4 | Received a gift from Sif Muna
 76523 | Depths:4 | Found a radiant altar of Vehumet.
 78893 | Depths:4 | Found a gate to the Realm of Zot.
 78996 | Depths:3 | Noticed Vv
 79020 | Depths:3 | Killed Vv
 79519 | Elf:3    | Received a gift from Sif Muna
 79534 | Elf:3    | Got Miuw's Guide on Attacks {god gift}
 79753 | Elf:3    | Paralysed by an air elemental for 1 turns
 79759 | Elf:3    | Paralysed by an air elemental for 1 turns
 79808 | Elf:3    | Paralysed by an air elemental for 1 turns
 80550 | Elf:3    | Paralysed by an air elemental for 1 turns
 80559 | Elf:3    | Paralysed by an air elemental for 1 turns
 80680 | Elf:3    | Identified the +6 war axe "Keocw" {holy, rPois Stlth+}
 80680 | Elf:3    | Identified the ring "Xuafuaso" {rF+ Int+3}
 81014 | Elf:3    | Identified the +4 great mace "Rehyxzae" {chaos, rPois rN++
                  | Will- Stlth+}
 81014 | Elf:3    | Identified the +1 leather armour of the Mauling Gods
                  | {Dex+5}
 81021 | Elf:3    | Paralysed by an air elemental for 1 turns
 81024 | Elf:3    | Paralysed by an air elemental for 1 turns
 81030 | Elf:3    | Paralysed by an air elemental for 1 turns
 81547 | Elf:3    | Identified the +7 short sword of Afobonit {venom, rC+ rN++}
 81547 | Elf:3    | Identified the amulet of Charity {Regen+ Dex+4}
 81549 | Elf:3    | Identified the +3 lajatang of Okawaru, Writhing {flame,
                  | Int+7}
 81615 | Elf:3    | Identified the +3 trident of Xom's Supremacy {vorpal, rC+
                  | Dex+2}
 81616 | Elf:3    | Identified the +2 mace of the Growing Jester {vorpal, rF+}
 81622 | Elf:3    | Identified the +8 scale mail of Jaeco {Rampage rCorr SInv}
 81778 | Elf:3    | Learned a level 7 spell: Summon Hydra
 82058 | Zot:1    | Entered Level 1 of the Realm of Zot
 82447 | Zot:1    | Upgraded the game from 0.29-a0-757-g358383bc75 to
                  | 0.29-a0-775-g4d7333d4e2
 83757 | Zot:2    | Reached XP level 25. HP: 205/207 MP: 38/38
 84397 | Zot:2    | Received a gift from Sif Muna
 85939 | Zot:3    | Noticed a Killer Klown
 85946 | Zot:3    | Killed a Killer Klown
 88152 | Zot:4    | Learned a level 7 spell: Malign Gateway
 88863 | Zot:4    | Reached skill level 1 in Necromancy
 89829 | Zot:5    | Entered Level 5 of the Realm of Zot
 91396 | Zot:5    | Learned a level 6 spell: Dispersal
 92971 | Zot:5    | Reached skill level 10 in Spellcasting
 92973 | Zot:5    | Noticed a Killer Klown
 92985 | Zot:5    | Killed a Killer Klown
 93544 | Zot:5    | Noticed a dread lich
 93553 | Zot:5    | Killed a dread lich
 93714 | Zot:5    | Learned a level 8 spell: Summon Horrible Things
 93737 | Zot:5    | Noticed an ancient lich
 93763 | Zot:5    | Killed an ancient lich
 93937 | Zot:5    | Noticed a dread lich
 93943 | Zot:5    | Paralysed by a dread lich for 5 turns
 93949 | Zot:5    | Killed a dread lich
 93950 | Zot:5    | Gained mutation: You are surrounded by an aura of silence.
                  | [demonic ancestry]
 93950 | Zot:5    | Reached XP level 26. HP: 37/215 MP: 32/38
 93953 | Zot:5    | Noticed an orb of fire
 93964 | Zot:5    | Gained mutation: You are frail. (-10% HP) [an orb of fire]
 94387 | Zot:5    | Killed an orb of fire
 94745 | Zot:5    | Noticed an orb of fire
 95066 | Zot:5    | Killed an orb of fire
 96835 | Crypt:1  | Entered Level 1 of the Crypt
 98156 | Crypt:2  | Identified the +4 rapier of Doors {antimagic, rC+ rCorr}
 98488 | Crypt:2  | Found the +7 lajatang of Order {silver, rMut}
 98671 | Crypt:2  | Found a runed translucent door.
 98674 | Crypt:2  | Noticed Yzeiphu's ghost (adept OpEE)
 99066 | Crypt:2  | Killed Yzeiphu's ghost
 99074 | Crypt:2  | Identified the +9 war axe of Pecsot {flame, Contam rPois
                  | Stlth+}
 99140 | Crypt:3  | Entered Level 3 of the Crypt
 99310 | Crypt:3  | Reached ****** piety under Sif Muna
 99386 | Crypt:3  | Found a magical portal.
 99513 | WizLab   | Entered Iskenderun's Mystic Tower
101736 | Crypt:3  | Found a basalt altar of Yredelemnul.
102570 | Crypt:3  | Reached skill level 1 in Transmutations
102865 | Crypt:3  | Noticed a dread lich
102865 | Crypt:3  | Noticed an ancient lich
102866 | Crypt:3  | Noticed an ancient lich
103432 | Crypt:3  | Found a staircase to the Tomb.
103871 | Crypt:3  | Killed an ancient lich
103882 | Crypt:3  | Killed a dread lich
103882 | Crypt:3  | Killed an ancient lich
103883 | Crypt:3  | Reached skill level 5 in Necromancy
103883 | Crypt:3  | Reached XP level 27. HP: 175/198 MP: 28/41
103955 | Crypt:3  | Identified the ring "Nytuel" {rPois rN+ Dex+2}
103955 | Crypt:3  | Identified the ring "Lid Xiv" {rN+ rCorr MP+9}
103971 | Crypt:3  | Identified the +5 scimitar of the Final Decision {flame,
                  | rC+ Int+3}
104241 | Depths:2 | Bought a scroll of teleportation for 63 gold pieces
104241 | Depths:2 | Bought a scroll of teleportation for 63 gold pieces
104241 | Depths:2 | Bought a scroll of teleportation for 63 gold pieces
104241 | Depths:2 | Bought a scroll of teleportation for 63 gold pieces
104452 | Vaults:1 | Killed mattj7820's ghost
104634 | Vaults:3 | Killed a dread lich
104649 | Vaults:3 | Killed Aclimpov's ghost
104954 | Pan      | Entered Pandemonium
105290 | Pan      | Reached skill level 10 in Necromancy
105784 | Pan      | Noticed Wusigidgh the pandemonium lord
105800 | Pan      | Killed Wusigidgh the pandemonium lord
105897 | Pan      | Identified the +11 lajatang of the Sage {elec, rN+}
106283 | Pan      | Noticed Vibbeah the pandemonium lord
106294 | Pan      | Killed Vibbeah the pandemonium lord
107621 | Pan      | Reached skill level 15 in Necromancy
108678 | Pan      | Noticed Tiygg the pandemonium lord
108906 | Pan      | Reached skill level 5 in Transmutations
110934 | Depths:2 | Escaped Pandemonium
111674 | Zot:5    | Got the Orb of Zot
112341 | D:4      | Noticed Fiosehus the pandemonium lord
112341 | D:4      | Noticed an ancient lich
112414 | D:$      | Escaped with the Orb!

Illustrated notes

Levels and vault maps discovered:
D:1:      dpeg_arrival_boxorama, layout_basic, minmay_3d_cube
D:2:      layout_rooms, dreamdust_ecumenical_altar_hidden_monk_grotto
D:3:      layout_loops_ring, chequers_hall_statues_corner_a
D:4:      layout_layer_cave, minmay_temple_entry_large_hall,
          nicolae_shop_i_like_big_books, uniq_eustachio, uniq_ijyb
D:5:      corexii_shantytown, layout_basic, serial_shops, shop_coins,
          gammafunk_ghost_necromancy, st_stairs_5
D:6:      nicolae_cairo_tiling, layout_loops_cross,
          nicolae_overflow_hallway_of_the_gods
D:7:      layout_gridville
D:8:      layout_basic, grunt_lair_entry_orc_guard_hut, serial_shops,
          nicolae_square_shop, nicolae_shop_bloodbath_and_beyond,
          enter_bailey_3, wad_hexagon
D:9:      nzn_winding_woodlands_stair_cross [nzn_winding_woodlands_5x15_jagged,
          nzn_winding_woodlands_center_lodge,
          nzn_winding_woodlands_5x15_pathside_ponds,
          nzn_winding_woodlands_5x5_default, nzn_winding_woodlands_5x5_default,
          nzn_winding_woodlands_5x15_eye,
          nzn_winding_woodlands_center_triple_pond,
          nzn_winding_woodlands_5x15_zeroes], layout_irregular_city,
          nzn_overflow_gifts_of_might_and_magic, gammafunk_ghost_grave,
          st_stairs_14, nicolae_wooded_promenade, minmay_holes,
          minmay_statues_item
D:10:     layout_roguey, nicolae_uskayaw_dance_studio,
          nicolae_ashenzari_skybound, dk_noncrumbling_2,
          kennysheep_cluttered_room, nicolae_transporter_intersection
D:11:     layout_grid_maze
D:12:     layout_grid_maze, orc_0_dummy
D:13:     layout_loops_cross, serial_shops, nicolae_shop_hallway_plus,
          uniq_josephine
D:14:     layout_big_octagon, david_vaults_2, serial_co_window_serial,
          co_window_corner_a, co_window_paths_a, co_window_corner_a,
          co_window_corner_a, co_window_paths_a, co_window_unsneaky_path_e,
          co_window_2corner, co_window_2corner, co_window_2corner,
          co_window_broadway_a, co_window_of_opportunity_b, serial_bayou_ford_a
D:15:     hangedman_depths_entry_civil_slaughter, layout_loops_ring,
          roderic_serpentine_path, minmay_misc_feat_tower, kennysheep_doodads
Temple:   hellmonk_temple_forest_ring
Lair:1:   layout_misc_corridors, chequers_serial_rivers_micro_b, worms_lemuel,
          serial_bayou_shore_b, infiniplex_staircase_pool_2
Lair:2:   dreamdust_cave_troll, layout_cave_shapes,
          minmay_snake_entry_guardpost_small, gammafunk_ghost_abyssal_escape,
          beast_lair_carwin_4, grunt_megastairs_2, uniq_nergalle
Lair:3:   layout_gridlike, grunt_megastairs_3, serial_bayou_shore_b
Lair:4:   layout_big_grid, swamp_mist_pool, gammafunk_ghost_arena,
          nicolae_lair_liquid_snakes, uniq_nessos, uniq_rupert
Lair:5:   layout_loops_ring, minmay_slime_entry_oklob_enclosed,
          gauntlet_entry_generic
Lair:6:   evilmike_catoblepas_cave, layout_regular_city, uniq_sonja, uniq_urug
Swamp:1:  layout_falls_marsh, evilmike_swamp_ruin_rubble_2
Swamp:2:  layout_basic_swamp, evilmike_swamp_ruin_rubble_1, swamp_pool4,
          nicolae_swamp_well_well_well, uniq_aizul
Swamp:3:  cheibrodos_swamp_mausoleum, layout_falls_marsh,
          evilmike_swamp_ruin_house_6, swamp_pool1, nicolae_swamp_little_swirl,
          infiniplex_staircase_pool, uniq_nikola
Swamp:4:  nzn_swamp_witches_coven, layout_basic_swamp, uniq_bai_suzhen
Snake:1:  layout_rooms, uniq_asterion
Snake:2:  layout_layer_cave, nicolae_snake_scaly_snakehead, lemuel_fruit_tree,
          minmay_shoptagon
Snake:3:  layout_honeycomb, uniq_kirke, uniq_vashnia
Snake:4:  hellmonk_snake_rune_quicksilver_temple, layout_cave_town,
          grunt_megastairs_5, serial_bayou_shore_b
Slime:1:  cheibrodos_slime_lost_civilization_1, layout_caves,
          cheibrodos_slime_lost_civilization_7
Slime:2:  layout_caves
Slime:3:  layout_caves
Slime:4:  layout_caves
Slime:5
Orc:1:    layout_caves
Orc:2:    grunt_orc_community_town_hall, layout_caves,
          grunt_orc_community_big_house_1, grunt_orc_community_big_house_1,
          grunt_orc_community_house_1, grunt_orc_community_house_1,
          grunt_orc_community_house_2, grunt_orc_community_house_3,
          grunt_orc_community_house_2, basic_altar, serial_shops,
          nicolae_shop_crystal, uniq_donald
Elf:1:    layout_gridlike, serial_shops, nicolae_shop_trees,
          minmay_elf_annihilation, st_stairs_8
Elf:2:    nicolae_elf_blades_splatter_lattice
          [nicolae_blade_entry_crossed_weapons], layout_gridlike,
          item_on_display_a
Elf:3:    minmay_elf_hall_dome, layout_geoelf_octagon, basic_altar,
          serial_shops, shop
Vaults:1: advil_vaults_ghost_lines, ontoclasm_vaults_gateway,
          vaults_room_corners, v_misc_31, v_misc_27, vaults_room_fancy_cross,
          nicolae_vaults_sealed_display, hangedman_vaults_cutoff,
          hangedman_vaults_restitches, grunt_vaults_focal,
          layout_vaults_big_room
Vaults:2: minmay_crypt_entry_simple_corners, v_alt_pattern_3,
          nicolae_vaults_theta, v_misc_1, vaults_room_grunt_arrival_ludios,
          ontoclasm_vaults_twist, nicolae_vaults_little_squares_3,
          v_alt_pattern_1, nicolae_vaults_little_squares_3,
          dpeg_vaults_monster_row, vaults_room_glass_cross, vaults_room_boxed,
          vaults_dpeg_hooks, v_misc_33, layout_vaults_omnibox, serial_shops,
          nicolae_shop_trees
Vaults:3: gammafunk_ghost_mausoleum, hangedman_vaults_maws,
          vaults_room_door_hall, vaults_mumra_minichess, vaults_room_semicircle,
          nicolae_vaults_little_squares_4, vaults_room_stairs_pillars,
          v_alt_pattern_2, ontoclasm_vaults_tryst, vaults_room_pools,
          vaults_room_large_hall, vaults_room_pools, layout_vaults_big_cross,
          serial_shops, shop
Vaults:4: hangedman_vaults_capsules, serial_ice_g, hangedman_vaults_hat,
          ontoclasm_vaults_bender, v_misc_30, nicolae_vaults_ninety_degrees,
          hangedman_vaults_river_flow, ontoclasm_vaults_spin,
          hangedman_vaults_corner_blocks, layout_vaults_ring, uniq_boris
Vaults:5: serial_shops, uniq_saint_roka, uniq_mennas
Crypt:1:  layout_gridlike, uniq_josephina
Crypt:2:  layout_misc_corridors, ebering_ghost_inner_flame
Crypt:3:  david_glass_crypt, layout_misc_corridors, tomb_entry_sphere_bobbens,
          mu_enter_wizlab_1, basic_altar, minmay_misc_feat_cross,
          lemuel_nasty_fountain
Depths:1: layout_cave_pools, lightli_too_deep, pandoras_box_mu,
          minmay_shop_star, uniq_mara
Depths:2: minmay_guarded_unrand_guard, layout_cave_pools, enter_ziggurat_e,
          serial_shops, nicolae_shop_behind_doors, hell_entry,
          minmay_room_of_horrors, rand_demon_pan_entry_1,
          nicolae_twisting_strands, elyvilon_altar_4, infiniplex_staircase_river
Depths:3: hangedman_pleasuredromes, hell_entry, abyss_entry, uniq_vv
Depths:4: lemuel_castle_with_subvaults [lemuel_castle_interior_carwin_3],
          layout_basic, hangedman_coc_ice_floe, nicolae_vehumet_radiance
Zot:1:    layout_gridville
Zot:2:    layout_gridlike, st_stairs_9
Zot:3:    layout_misc_corridors
Zot:4:    layout_concentric_octagons
Zot:5:    layout_misc_corridors

Skill      XL: |  1  2  3  4  5  6  7  8  9 10 11 12 13 14 15 16 17 18 19 20 21 22 23 24 25 26 27 |
---------------+----------------------------------------------------------------------------------+-----
Maces & Flails | 2 3 4 5 7 8 11 13 15 16 | 16.0
Armour         | 3 5 7 9 10 12 14 16 17 | 17.7
Dodging        | 1 4 7 9 10 | 10.3
Fighting       | 6 8 10 11 13 15 17 19 | 19.1
Invocations    | 12 15 22 | 22.8
Shields        | 10 11 | 11.0
Evocations     | 11 14 | 14.5
Spellcasting   | 6 7 11 14 | 14.2
Translocations | 11 13 14 | 14.0
Summonings     | 1 14 19 21 22 | 22.7
Necromancy     | 2 5 16 | 16.1
Transmutations | 3 9 |  9.8

Action                   |  1- 3 |  4- 6 |  7- 9 | 10-12 | 13-15 | 16-18 | 19-21 | 22-24 | 25-27 || total
-------------------------+-------+-------+-------+-------+-------+-------+-------+-------+-------++-------
Melee: Flail             |   101 |   125 |    23 |       |       |       |       |       |       ||   249
       Morningstar       |       |       |   312 |   111 |       |       |       |       |       ||   423
       Eveningstar       |       |       |       |   449 |   891 |  1592 |  1541 |  1555 |  1857 ||  7885
       Tailslap          |       |       |       |    76 |   174 |   268 |   334 |   409 |   485 ||  1746
 Cast: Polar Vortex      |       |       |       |       |     2 |     3 |       |       |     2 ||     7
       Haunt             |       |       |       |       |       |     1 |       |       |       ||     1
       Ignition          |       |       |       |       |       |     2 |     1 |     1 |     2 ||     6
       Fire Storm        |       |       |       |       |       |       |     2 |       |       ||     2
       Dragon's Call     |       |       |       |       |       |       |     1 |     2 |       ||     3
       Chain Lightning   |       |       |       |       |       |       |       |     1 |       ||     1
       Summon Hydra      |       |       |       |       |       |       |       |    10 |    35 ||    45
       Passage of Golubr |       |       |       |       |       |       |       |     3 |    18 ||    21
       Summon Forest     |       |       |       |       |       |       |       |     2 |     3 ||     5
       Malign Gateway    |       |       |       |       |       |       |       |       |    40 ||    40
       Summon Horrible T |       |       |       |       |       |       |       |       |    19 ||    19
       Blink             |       |       |       |       |       |       |       |       |     1 ||     1
       Borgnjor's Revivi |       |       |       |       |       |       |       |       |     1 ||     1
Invok: Channel Magic     |       |       |       |       |     3 |     1 |     1 |     1 |     5 ||    11
       Divine Exegesis   |       |       |       |       |     2 |     6 |     4 |     4 |     5 ||    21
Evoke: Wand              |       |       |     9 |    13 |    20 |    68 |     4 |    27 |     4 ||   145
       Box of beasts     |       |       |       |       |       |       |     2 |     7 |     5 ||    14
       Condenser vane    |       |       |       |       |       |       |       |     8 |     5 ||    13
       Phantom mirror    |       |       |       |       |       |       |       |     3 |     3 ||     6
       Phial of floods   |       |       |       |       |       |       |       |     2 |     3 ||     5
  Use: Scroll            |     7 |       |    12 |     8 |    11 |    12 |    13 |    12 |    21 ||    96
       Potion            |     1 |       |       |       |     3 |    14 |    16 |    13 |    12 ||    59
 Stab: Petrified         |       |       |       |       |     3 |       |       |       |       ||     3
       Distracted        |       |       |       |       |     1 |     2 |     1 |     1 |     7 ||    12
       Petrifying        |       |       |       |       |     1 |       |       |       |       ||     1
       Invisible         |       |       |       |       |       |       |     1 |       |       ||     1
Armor: Scale mail        |    44 |    70 |   178 |   113 |       |       |       |       |       ||   405
       Acid dragon scale |       |       |       |   120 |       |       |       |       |       ||   120
       Plate armour      |       |       |       |    25 |   539 |   824 |   922 |   337 |       ||  2647
       Pearl dragon scal |       |       |       |       |       |       |       |   774 |  1102 ||  1876
Dodge: Dodged            |    73 |    82 |   125 |   240 |   404 |   724 |   584 |   743 |   687 ||  3662
Block: Buckler           |    20 |    20 |    64 |   132 |   311 |   719 |   728 |   723 |   695 ||  3412
       Reflection        |       |       |       |       |    27 |    99 |   108 |    63 |    58 ||   355

Table legend: (Time is in decaauts)
 A = Elapsed time spent in this place.
 B = Non-inter-level travel time spent in this place.
 C = Inter-level travel time spent in this place.
 D = Time resting spent in this place.
 E = Time spent auto-exploring this place.
 F = Levels seen in this place.
 G = Mean time per level.
                   A        B        C        D        E       F      G
               +--------+--------+--------+--------+--------+-----+--------+
         Total | 111167 | 102503 |   8664 |  34685 |  48605 |  66 | 1684.3 |
       Dungeon |  21993 |  18150 |   3843 |   2165 |  13320 |  15 | 1466.2 |
        Temple |    183 |    175 |      8 |      0 |    120 |   1 |  183.0 |
          Lair |   7798 |   6636 |   1162 |    376 |   5022 |   6 | 1299.7 |
         Swamp |   7589 |   7293 |    296 |   2436 |   3585 |   4 | 1897.2 |
     Snake Pit |   7831 |   7681 |    150 |   3144 |   3179 |   4 | 1957.8 |
    Slime Pits |   2644 |   2403 |    241 |   1529 |     12 |   5 |  528.8 |
  Orcish Mines |   1900 |   1705 |    195 |      0 |   1303 |   2 |  950.0 |
   Elven Halls |   5287 |   5091 |    196 |   2036 |   2112 |   3 | 1762.3 |
        Vaults |  14481 |  13408 |   1073 |   4463 |   6304 |   5 | 2896.2 |
         Crypt |   5089 |   4851 |    238 |    597 |   3318 |   3 | 1696.3 |
        Depths |  10958 |  10215 |    743 |   4322 |   4288 |   4 | 2739.5 |
           Zot |  14914 |  14399 |    515 |   7677 |   3946 |   5 | 2982.8 |
         Abyss |    307 |    307 |      0 |    110 |      1 |   1 |  307.0 |
   Pandemonium |   5812 |   5812 |      0 |   3569 |   1005 |   5 | 1162.4 |
        Bailey |   1934 |   1934 |      0 |    741 |    723 |   1 | 1934.0 |
        Wizlab |   2032 |   2032 |      0 |   1357 |    212 |   1 | 2032.0 |
      Gauntlet |    407 |    407 |      0 |    160 |    153 |   1 |  407.0 |
               +--------+--------+--------+--------+--------+-----+--------+

Top non-repeatable levels by time:
   Zot:4: 4906 daAuts
   Zot:5: 4488 daAuts
Vaults:4: 3876 daAuts
Depths:2: 3801 daAuts
Depths:4: 3628 daAuts
Vaults:5: 3234 daAuts
 Swamp:3: 3176 daAuts
 Snake:2: 2964 daAuts
   Elf:3: 2927 daAuts
Vaults:2: 2790 daAuts
 Crypt:3: 2686 daAuts
Vaults:1: 2633 daAuts
 Swamp:4: 2559 daAuts
     D:9: 2404 daAuts
     D:8: 2283 daAuts
